Map: Hard Lead LE

Players

神族我的超人

  • Race: Protoss Protoss
  • Spawn Location: 11:00

Stats - Winner!

  • Race: Protoss Protoss
  • League: Master
  • Spawn Location: 5:00

VOD

Have the link to the VOD?

Description

Time

  • Played on: Dec. 5, 2023, 4:42 a.m.
  • Length: 10:34
Show
View Real Time Build Order
Export as new Build Order

神族我的超人 Protoss 

Build Orders: Oracle Opening 

Get SALT Encoding   

  12  0:00  Probe  
  13  0:12  Probe  
  14  0:17  Pylon  
  14  0:24  Probe (Chrono Boost)  
  15  0:36  Probe (Chrono Boost)  
  15  0:37  Gateway  
  16  0:45  Probe (Chrono Boost)  
  16  0:47  Assimilator  
  17  0:51  Probe  
  18  1:03  Probe (Chrono Boost)  
  19  1:04  Assimilator  
  19  1:10  Gateway  
  19  1:13  Probe (Chrono Boost)  
  19  1:18  Probe  
  21  1:26  Cybernetics Core  
  21  1:30  Probe  
  22  1:35  Pylon  
  22  1:42  Probe  
  23  1:54  Probe  
  23  2:00  Warp Gate (Chrono Boost)  
  24  2:03  Stalker x2  
  28  2:10  Shield Battery  
  28  2:14  Pylon  
  28  2:38  Stargate  
  27  2:46  Nexus  
  27  2:51  Shield Battery  
  27  2:54  Probe  
  28  3:06  Probe  
  29  3:19  Oracle (Chrono Boost), Probe  
  33  3:31  Probe  
  34  3:41  Stalker x2  
  34  3:43  Probe  
  39  3:57  Oracle  
  39  3:58  Probe (Chrono Boost)  
  39  4:01  Twilight Council  
  44  4:02  Probe (Chrono Boost)  
  44  4:08  Probe (Chrono Boost)  
  46  4:11  Probe (Chrono Boost)  
  46  4:13  Probe (Chrono Boost)  
  46  4:16  Pylon  
  47  4:21  Probe  
  48  4:25  Probe  
  48  4:30  Blink (Chrono Boost)  
  49  4:33  Probe  
  49  4:37  Probe  
  51  4:41  Gateway x2  
  51  4:42  Stalker  
  53  4:46  Probe  
  53  4:49  Assimilator, Probe  
  55  4:53  Pylon  
  55  4:58  Probe  
  56  5:01  Probe  
  56  5:02  Stalker  
  59  5:07  Pylon  
  59  5:10  Probe  
  59  5:13  Probe  
  61  5:15  Stalker  
  61  5:18  Pylon  
  63  5:28  Stalker  
  65  5:36  Nexus  
  65  5:37  Shield Battery  
  65  5:38  Stalker  
  65  5:42  Stalker  
  69  5:45  Stalker  
  69  5:47  Probe  
  69  5:49  Probe  
  73  5:52  Stalker  
  75  5:59  Probe  
  75  6:01  Probe  
  77  6:04  Forge  
  77  6:08  Stalker  
  73  6:11  Probe  
  73  6:12  Stalker  
  73  6:14  Stalker  
  78  6:21  Stalker  
  78  6:22  Probe  
  78  6:24  Probe  
  82  6:34  Probe  
  82  6:35  Protoss Ground Weapons Level 1 (Chrono Boost)  
  82  6:36  Probe  
  84  6:41  Stalker  
  84  6:44  Charge  
  84  6:45  Pylon  
  86  6:48  Probe  
  86  6:49  Probe x2  
  86  6:50  Stalker x2  
  93  6:56  Gateway  
  93  7:00  Gateway  
  93  7:08  Stalker  
  93  7:09  Stalker, Probe x3  
  100  7:17  Gateway  
  100  7:18  Gateway, Robotics Facility  
  100  7:23  Stalker  
  100  7:24  Stalker  
  100  7:27  Pylon  
  100  7:29  Pylon  
  104  7:38  Nexus  
  104  7:42  Stalker  
  104  7:43  Probe, Pylon  
  107  7:44  Probe  
  107  7:45  Probe  
  107  7:48  Stalker  
  111  7:58  Gateway  
  111  7:59  Gateway, Probe x3  
  111  8:01  Stalker  
  111  8:05  Shield Battery, Stalker  
  116  8:10  Zealot x2  
  116  8:11  Protoss Ground Weapons Level 2 (Chrono Boost)  
  122  8:13  Zealot x2  
  126  8:21  Zealot x2  
  126  8:24  Probe  
  126  8:25  Probe x2  
  133  8:35  Pylon  
  133  8:36  Pylon  
  133  8:41  Pylon  
  133  8:49  Probe x3  
  133  8:50  Zealot x5  
  133  8:53  Observer  
  147  8:58  Stalker x4  
  147  9:02  Probe  
  156  9:07  Stalker  
  158  9:12  Stalker x3  
  158  9:14  Assimilator  
  164  9:20  Pylon  
  164  9:21  Pylon  
  164  9:24  Stalker x2  
  164  9:25  Shield Battery  
  164  9:27  Pylon  
  169  9:36  Pylon  
  163  9:44  Stalker x2  
  159  9:52  Stalker x3  
  137  9:53  Zealot  
  110  10:00  Zealot x4  
  104  10:08  Stalker x2  
  90  10:15  Stalker  
  90  10:16  Zealot  
  90  10:17  Zealot  
  90  10:18  Zealot  
  77  10:22  Zealot x4  
Show
View Real Time Build Order
Export as new Build Order

Stats Protoss - Winner!

Build Orders: Phoenix Opening 

Get SALT Encoding   

  12  0:00  Probe  
  13  0:12  Probe  
  14  0:17  Pylon  
  14  0:24  Probe (Chrono Boost)  
  15  0:36  Probe (Chrono Boost)  
  15  0:37  Gateway  
  16  0:44  Probe (Chrono Boost)  
  16  0:46  Assimilator  
  17  0:50  Probe  
  17  0:54  Assimilator  
  18  1:03  Probe (Chrono Boost)  
  19  1:08  Gateway  
  19  1:14  Probe (Chrono Boost)  
  20  1:18  Probe (Chrono Boost)  
  20  1:25  Cybernetics Core  
  21  1:29  Probe  
  22  1:35  Pylon  
  22  1:41  Probe  
  23  1:54  Probe  
  24  2:02  Stalker x2, Warp Gate  
  29  2:13  Pylon  
  29  2:18  Pylon  
  29  2:20  Probe  
  29  2:35  Sentry  
  29  2:37  Sentry  
  32  2:46  Nexus  
  32  2:49  Probe  
  33  2:57  Shield Battery  
  33  2:59  Sentry  
  33  3:02  Probe  
  33  3:04  Phoenix  
  36  3:08  Pylon  
  36  3:14  Probe  
  37  3:20  Twilight Council  
  37  3:27  Probe  
  38  3:39  Probe (Chrono Boost)  
  39  3:51  Stalker x2  
  44  3:57  Probe (Chrono Boost)  
  44  4:01  Probe (Chrono Boost)  
  45  4:07  Probe (Chrono Boost)  
  45  4:08  Probe (Chrono Boost)  
  45  4:13  Probe (Chrono Boost)  
  45  4:14  Probe  
  45  4:15  Blink (Chrono Boost)  
  45  4:16  Stalker x2  
  51  4:25  Probe  
  51  4:26  Probe  
  53  4:35  Pylon  
  53  4:37  Probe  
  55  4:38  Probe  
  55  4:46  Phoenix  
  55  4:47  Stalker x2  
  59  5:02  Probe x2  
  59  5:03  Nexus  
  59  5:07  Shield Battery  
  61  5:16  Probe x2  
  61  5:18  Assimilator  
  61  5:19  Forge  
  63  5:24  Stalker x2  
  63  5:28  Probe x2  
  69  5:29  Pylon  
  69  5:37  Robotics Facility  
  69  5:40  Pylon  
  69  5:42  Probe  
  70  5:44  Protoss Ground Weapons Level 1 (Chrono Boost)  
  70  5:47  Probe  
  71  5:50  Stalker x2  
  70  6:08  Probe (Chrono Boost)  
  70  6:10  Probe (Chrono Boost)  
  71  6:12  Charge  
  73  6:19  Probe (Chrono Boost)  
  73  6:20  Probe (Chrono Boost)  
  73  6:21  Probe (Chrono Boost)  
  75  6:27  Gateway  
  75  6:28  Gateway, Observer, Probe (Chrono Boost)  
  75  6:29  Probe x2 (Chrono Boost)  
  78  6:34  Probe (Chrono Boost)  
  78  6:36  Stalker x2, Probe (Chrono Boost)  
  84  6:41  Probe  
  84  6:42  Probe  
  86  6:47  Gateway, Probe  
  86  6:48  Gateway  
  86  6:51  Immortal (Chrono Boost)  
  91  6:56  Probe x2  
  91  6:59  Probe  
  94  7:08  Gateway, Phoenix  
  93  7:09  Gateway  
  93  7:11  Pylon  
  93  7:17  Probe x3  
  93  7:22  Templar Archives  
  96  7:27  Immortal (Chrono Boost)  
  100  7:31  Probe x3  
  100  7:32  Protoss Ground Weapons Level 2 (Chrono Boost)  
  103  7:45  Pylon x2  
  103  7:53  Stalker x3, Pylon  
  103  7:55  Phoenix  
  109  8:00  Pylon  
  109  8:02  Pylon  
  109  8:04  Immortal  
  113  8:16  Zealot x2  
  113  8:17  Zealot x6  
  129  8:28  Pylon x2  
  129  8:34  Nexus  
  129  8:36  Warp Prism  
  129  8:37  Pylon  
  129  8:42  Photon Cannon  
  131  8:50  Pylon  
  131  8:55  Zealot x2, High Templar x2  
  135  8:56  Zealot x4  
  135  9:00  Archon  
  147  9:05  Pylon  
  147  9:07  Pylon, Photon Cannon  
  147  9:09  Shield Battery  
  147  9:15  Observer  
  148  9:17  Zealot x5  
  148  9:19  Zealot  
  160  9:28  High Templar x2  
  164  9:32  Archon  
  164  9:40  Zealot x6  
  160  9:53  Probe x4  
  156  10:02  Zealot x8  
  156  10:05  Probe  
  149  10:19  Probe  
  149  10:20  Probe x3  
Tags
 
Add a new tag
Caveats
  • Supply blocks, unpowered buildings, or Contaminate may cause inaccurate times.
  • Supply counts are checked every 10 seconds.